Map: Terraform LE (Void)

Players

CptProtoss

  • Race: Protoss Protoss
  • League: Platinum

Tenzz

  • Race: Protoss Protoss
  • League: Grandmaster

iQuitBYE - Winner!

  • Race: Protoss Protoss
  • League: Grandmaster

MoonLjth - Winner!

  • Race: Protoss Protoss
  • League: Platinum

VOD

Have the link to the VOD?

Description

Time

  • Played on: Oct. 2, 2015, 8:07 p.m.
  • Length: 11:49
Show
View Real Time Build Order
Export as new Build Order

CptProtoss Protoss 

Build Orders:  

Get SALT Encoding   

  12  0:01  Probe (Chrono Boost)  
  13  0:11  Probe (Chrono Boost)  
  14  0:19  Pylon  
  14  0:22  Probe (Chrono Boost)  
  15  0:37  Probe (Chrono Boost)  
  15  0:38  Gateway  
  16  0:48  Probe (Chrono Boost)  
  17  0:52  Assimilator  
  17  0:58  Probe (Chrono Boost)  
  17  1:03  Assimilator  
  18  1:09  Probe (Chrono Boost)  
  19  1:11  Pylon  
  19  1:19  Probe (Chrono Boost)  
  20  1:30  Cybernetics Core, Probe (Chrono Boost)  
  23  1:40  Probe (Chrono Boost)  
  24  1:51  Probe (Chrono Boost)  
  23  2:05  Nexus  
  23  2:12  Adept (Chrono Boost)  
  23  2:15  Warp Gate  
  25  2:22  Mothership Core (Chrono Boost)  
  27  2:37  Pylon  
  27  2:42  Probe (Chrono Boost)  
  27  2:50  Stalker  
  29  2:53  Probe (Chrono Boost)  
  29  2:56  Gateway  
  30  3:03  Probe (Chrono Boost)  
  31  3:12  Pylon  
  31  3:14  Probe (Chrono Boost)  
  32  3:30  Probe (Chrono Boost)  
  32  3:33  Gateway  
  31  3:37  Probe (Chrono Boost)  
  31  3:39  Robotics Facility  
  33  3:41  Probe (Chrono Boost)  
  33  3:42  Pylon  
  33  3:48  Probe (Chrono Boost)  
  34  3:51  Probe (Chrono Boost)  
  35  3:58  Probe (Chrono Boost)  
  35  4:02  Probe (Chrono Boost)  
  37  4:09  Probe (Chrono Boost)  
  38  4:10  Pylon  
  38  4:13  Probe (Chrono Boost)  
  39  4:17  Twilight Council  
  39  4:19  Probe (Chrono Boost)  
  39  4:23  Stalker x2  
  44  4:29  Observer  
  45  4:32  Stalker  
  47  4:40  Probe x2 (Chrono Boost)  
  47  4:45  Assimilator  
  49  4:46  Assimilator  
  49  4:47  Blink (Chrono Boost)  
  49  4:50  Probe (Chrono Boost)  
  50  4:54  Probe (Chrono Boost), Observer  
  50  4:58  Stalker  
  54  5:01  Stalker  
  54  5:03  Stalker  
  54  5:05  Probe x2  
  60  5:15  Probe  
  60  5:17  Probe  
  62  5:31  Probe  
  62  5:33  Probe  
  64  5:43  Probe  
  64  5:45  Immortal (Chrono Boost)  
  64  5:48  Probe  
  70  5:53  Forge  
  70  5:57  Forge  
  70  5:58  Probe  
  70  6:00  Stalker, Gateway  
  70  6:02  Stalker  
  75  6:04  Gateway  
  75  6:05  Stalker  
  77  6:11  Pylon  
  77  6:14  Pylon  
  77  6:27  Protoss Ground Weapons Level 1 (Chrono Boost), Pylon  
  77  6:33  Stalker x3  
  77  6:56  Immortal (Chrono Boost)  
  77  6:58  Stalker  
  77  6:59  Stalker x3  
  81  7:07  Protoss Ground Armor Level 1 (Chrono Boost)  
  81  7:08  Stalker  
  81  7:10  Probe  
  83  7:15  Probe  
  83  7:27  Stalker  
  83  7:28  Stalker x3  
  83  7:29  Probe x2  
  93  7:33  Immortal  
  97  7:39  Dark Shrine  
  97  7:41  Probe x2  
  99  7:52  Nexus  
  99  7:59  Sentry  
  101  8:10  Pylon  
  100  8:13  Pylon  
  100  8:34  Immortal  
  104  8:37  Protoss Ground Weapons Level 2 (Chrono Boost)  
  104  8:39  Robotics Facility  
  104  8:42  Protoss Ground Armor Level 2 (Chrono Boost)  
  104  8:55  Dark Templar x3  
  108  9:12  Adept x2  
  108  9:15  Resonating Glaives  
  108  9:16  Immortal  
  116  9:18  Probe x2  
  116  9:19  Probe  
  116  9:24  Photon Cannon  
  119  9:25  Pylon  
  119  9:27  Pylon  
  119  9:29  Probe, Gateway  
  119  9:30  Probe  
  119  9:31  Probe  
  122  9:32  Assimilator  
  122  9:35  Assimilator  
  120  9:43  Probe  
  119  9:56  Stalker x4  
  119  9:57  Stalker  
  119  9:59  Immortal (Chrono Boost)  
  133  10:06  Immortal (Chrono Boost)  
  137  10:11  Pylon  
  137  10:12  Probe x2  
  137  10:13  Probe  
  138  10:23  Gateway  
  138  10:24  Gateway x2, Probe  
  138  10:25  Probe x2  
  141  10:29  Stalker  
  141  10:31  Stalker  
  141  10:33  Stargate  
  145  10:36  Probe  
  146  10:43  Dark Templar x3  
  146  10:45  Archon  
  152  10:51  Adept  
  154  11:03  Pylon  
  154  11:05  Pylon  
  154  11:06  Pylon  
  154  11:07  Pylon  
  154  11:14  Immortal (Chrono Boost)  
  154  11:17  Zealot x2  
  132  11:18  Zealot x2  
  132  11:23  Dark Templar x2  
  98  11:39  Zealot x4  
Show
View Real Time Build Order
Export as new Build Order

Tenzz Protoss 

Build Orders: 1 Gate Expand 

Get SALT Encoding   

  12  0:01  Probe (Chrono Boost)  
  13  0:16  Pylon  
  13  0:18  Probe (Chrono Boost)  
  14  0:29  Probe (Chrono Boost)  
  15  0:35  Gateway  
  15  0:40  Probe (Chrono Boost)  
  16  0:46  Assimilator  
  16  0:50  Probe (Chrono Boost)  
  17  1:01  Probe (Chrono Boost)  
  18  1:11  Probe (Chrono Boost)  
  19  1:28  Nexus  
  19  1:41  Cybernetics Core  
  18  1:47  Probe (Chrono Boost)  
  19  2:00  Probe (Chrono Boost), Pylon  
  20  2:05  Assimilator  
  20  2:11  Probe (Chrono Boost)  
  20  2:14  Adept  
  21  2:18  Warp Gate  
  24  2:23  Probe (Chrono Boost)  
  24  2:35  Mothership Core (Chrono Boost)  
  26  2:41  Probe (Chrono Boost)  
  28  2:51  Probe (Chrono Boost)  
  28  2:52  Robotics Facility  
  29  2:58  Probe (Chrono Boost)  
  29  3:02  Probe (Chrono Boost)  
  30  3:06  Adept  
  30  3:10  Probe (Chrono Boost)  
  33  3:14  Probe (Chrono Boost)  
  33  3:22  Probe (Chrono Boost)  
  33  3:25  Probe (Chrono Boost)  
  33  3:33  Probe (Chrono Boost)  
  30  3:35  Probe (Chrono Boost)  
  30  3:39  Immortal  
  35  3:44  Probe (Chrono Boost)  
  36  3:49  Probe (Chrono Boost), Gateway  
  36  3:54  Probe (Chrono Boost)  
  38  3:59  Probe (Chrono Boost)  
  39  4:06  Gateway  
  39  4:08  Probe (Chrono Boost)  
  40  4:13  Probe (Chrono Boost)  
  40  4:14  Pylon  
  41  4:18  Probe (Chrono Boost)  
  41  4:24  Probe (Chrono Boost)  
  43  4:29  Probe (Chrono Boost)  
  43  4:31  Observer  
  45  4:33  Pylon  
  45  4:34  Probe (Chrono Boost)  
  45  4:38  Assimilator  
  46  4:40  Probe (Chrono Boost)  
  46  4:43  Assimilator  
  46  4:45  Probe (Chrono Boost), Adept  
  50  4:50  Probe (Chrono Boost)  
  51  4:54  Pylon  
  51  4:55  Probe (Chrono Boost), Observer  
  53  5:00  Adept  
  53  5:01  Probe (Chrono Boost)  
  53  5:06  Probe (Chrono Boost)  
  57  5:11  Probe (Chrono Boost)  
  58  5:16  Probe (Chrono Boost)  
  58  5:19  Stalker  
  58  5:20  Stalker  
  63  5:22  Probe (Chrono Boost)  
  63  5:25  Twilight Council  
  63  5:26  Pylon  
  64  5:29  Immortal  
  64  5:32  Probe (Chrono Boost)  
  69  5:38  Probe (Chrono Boost)  
  69  5:44  Pylon  
  69  5:46  Blink  
  69  5:54  Pylon  
  69  5:55  Stalker x3  
  75  6:01  Probe (Chrono Boost)  
  76  6:06  Probe (Chrono Boost), Pylon  
  77  6:19  Stalker  
  77  6:20  Stalker x2  
  77  6:25  Probe (Chrono Boost)  
  85  6:26  Probe (Chrono Boost)  
  85  6:36  Nexus  
  85  6:39  Probe (Chrono Boost)  
  86  6:43  Probe (Chrono Boost)  
  85  6:51  Probe (Chrono Boost)  
  85  6:53  Probe (Chrono Boost)  
  81  7:01  Stalker x3  
  77  7:03  Probe (Chrono Boost)  
  77  7:04  Probe (Chrono Boost)  
  83  7:14  Probe (Chrono Boost)  
  85  7:15  Probe (Chrono Boost)  
  85  7:16  Gateway  
  85  7:19  Gateway  
  83  7:25  Probe (Chrono Boost), Pylon  
  83  7:27  Probe (Chrono Boost)  
  83  7:29  Robotics Facility  
  85  7:31  Gateway  
  85  7:32  Stalker x2  
  85  7:33  Gateway  
  89  7:39  Probe (Chrono Boost)  
  89  7:41  Immortal  
  94  7:49  Pylon  
  94  7:51  Stalker  
  94  7:57  Forge  
  96  7:59  Resonating Glaives  
  96  8:03  Adept x2  
  96  8:04  Assimilator  
  100  8:24  Immortal x2, Robotics Bay  
  108  8:27  Adept x2  
  108  8:28  Adept  
  108  8:32  Assimilator  
  114  8:35  Pylon  
  114  8:45  Pylon  
  114  8:50  Photon Cannon  
  115  8:57  Probe (Chrono Boost)  
  115  8:59  Immortal  
  115  9:05  Protoss Ground Weapons Level 1  
  115  9:06  Disruptor  
  115  9:09  Forge  
  119  9:15  Stalker  
  119  9:16  Stalker x3  
  130  9:17  Stalker x2  
  130  9:22  Pylon  
  134  9:26  Templar Archives  
  134  9:29  Stalker  
  135  9:32  Photon Cannon  
  135  9:33  Disruptor  
  131  9:39  Adept  
  131  9:40  Sentry, Adept  
  131  9:45  Observer  
  131  10:00  Stalker x3  
  131  10:01  Stalker  
  138  10:22  Photon Cannon  
  138  10:23  Disruptor  
  138  10:26  Disruptor  
  144  10:35  Photon Cannon  
  144  10:36  High Templar x3  
  144  10:39  Archon  
  150  10:50  Stalker x2  
  154  10:59  Pylon, Warp Prism  
  156  11:11  Disruptor  
  140  11:23  Stalker x5  
Show
View Real Time Build Order
Export as new Build Order

iQuitBYE Protoss - Winner!

Build Orders:  

Get SALT Encoding   

Show
View Real Time Build Order
Export as new Build Order

MoonLjth Protoss - Winner!

Build Orders:  

Get SALT Encoding   

Tags
 
Add a new tag
Caveats
  • Supply blocks, unpowered buildings, or Contaminate may cause inaccurate times.
  • Supply counts are checked every 10 seconds.